 Dungeon Crawl Stone Soup version 0.26.0-15-gc6cd9f700b (webtiles) character file.

Game seed: 3151386555365828619

401 runemasterragnar the Skirmisher (level 6, -5/67 HPs)
             Began as an Ogre Monk on Jan 16, 2021.
             Was a Believer of Qazlal.
             Killed by divine providence
             ... invoked by an orc priest
              (12 damage)
             ... on level 4 of the Dungeon.
             The game lasted 00:06:42 (3941 turns).

runemasterragnar the Skirmisher (Ogre Monk)         Turns: 3941, Time: 00:06:43

Health: -5/67      AC:  3    Str: 14 (16) XL:     6   Next: 85%
Magic:  0/8        EV: 11    Int: 11 (13) God:    Qazlal [**....]
Gold:   168        SH:  3    Dex:  9 (11) Spells: 8/8 levels left

rFire    . . .     SeeInvis .   a - +0 hand axe
rCold    . . .     Faith    +   (no shield)
rNeg     . . .     Spirit   .   b - +0 robe
rPois    .         Reflect  .   (helmet restricted)
rElec    .         Harm     .   (no cloak)
rCorr    .         Rampage  .   (gloves unavailable)
Will     .....     Rnd*Tele +   (boots unavailable)
Stlth    +.........             m - amulet of faith
HPRegen  0.21/turn              i - ring of flight
MPRegen  0.11/turn              q - ring of teleportation (curse)

@: brilliant, lethally poisoned (-5 -> -15)
A: large, unfitting armour, tough skin 1
a: Renounce Religion, Evoke Flight, Upheaval


You were on level 4 of the Dungeon.
You worshipped Qazlal.
Qazlal was pleased with you.
You visited 1 branch of the dungeon, and saw 4 of its levels.

You collected 168 gold pieces.

Inventory:

Hand Weapons
 a - a +0 hand axe (weapon)
Missiles
 c - a boomerang of dispersal
 j - a javelin
 k - 27 sling bullets
 r - 6 boomerangs (quivered)
 t - 8 curare-tipped darts
Armour
 b - a +0 robe (worn)
Jewellery
 i - a ring of flight (left hand)
 m - an amulet of faith (around neck)
 o - an uncursed ring of ice
 q - a cursed ring of teleportation (right hand)
Scrolls
 d - a scroll of amnesia {unknown}
 g - 2 scrolls of identify
 h - a scroll of noise {unknown}
 l - 2 scrolls of remove curse {unknown}
 n - a scroll of magic mapping {unknown}
 s - a scroll of fear {unknown}
 u - a scroll of random uselessness {unknown}
Potions
 p - a potion of might {unknown}


   Skills:
 + Level 5.7 Fighting
 + Level 4.1 Axes
 + Level 2.3 Throwing
 - Level 1.3 Armour
 + Level 3.5 Dodging
 - Level 1.4 Stealth
 * Level 1.5 Spellcasting
 * Level 2.1 Invocations
 - Level 0.8 Evocations


You had 8 spell levels left.
You didn't know any spells.
Your spell library was empty.

Dungeon Overview and Level Annotations

Branches:
Dungeon (4/15)
 Temple: D:4-7

Altars:
Qazlal

Annotations:
D:2 Natasha


Innate Abilities, Weirdness & Mutations

You are too large for most types of armour.
You have tough skin. (AC +1)


Message History

The blast of magma engulfs the orc wizard.
The orc wizard is moderately wounded.
* * * LOW HITPOINT WARNING * * *
You feel sick.
Unknown command.
It was a potion of degeneration.
There was something very wrong with that liquid.
You feel weakened.
You feel dopey.
You feel clumsy.
* * * LOW HITPOINT WARNING * * *
You feel sick.
The orc priest mumbles some strange prayers to Beogh against you.
Pain shoots through your body!
* * * LOW HITPOINT WARNING * * *
It was a potion of brilliance.
You feel clever all of a sudden.
* * * LOW HITPOINT WARNING * * *
You feel sick.
The orc throws a stone.
The stone barely misses you.
The orc priest calls down the wrath of Beogh upon you.
Beogh smites you!
You die...

......#.. ......#.#
........#### #.
..........#...
#...(......#.
###.....#......
#.....o.o...##
########.....o)###...
#............@o(..#
......)......§.##.##.
#............†.......
.......<..............
#..............#......
#.......(......##..##.
#..............# #.#
##............## .#
##...........# #


You could see an orc priest, an orc wizard and 2 orcs.

Vanquished Creatures
  An ogre (D:4)
  2 orc priests (D:3)
  A hound (D:4)
  An orc wizard (D:3)
  Terence (D:2)
  Natasha (D:2)
  A worker ant (D:4)
  5 adders (D:2)
  3 worms (D:3)
  3 dart slugs
  2 orcs
  A ball python (D:3)
  2 bats
  5 giant cockroaches
  6 hobgoblins
  10 jackals
  9 kobolds
  3 quokkas
  3 frilled lizards
  4 goblins
  A jackal skeleton (D:4)
  A quokka skeleton (D:4)
  10 rats
76 creatures vanquished.

Notes
Turn   | Place    | Note
-------+----------+-------------------------------------------
     0 | D:1      | runemasterragnar the Ogre Monk began the quest for the Orb.
     0 | D:1      | Reached XP level 1. HP: 24/24 MP: 1/1
   282 | D:1      | Reached XP level 2. HP: 26/32 MP: 2/2
   859 | D:1      | Reached XP level 3. HP: 29/40 MP: 3/3
  1206 | D:2      | Reached skill level 1 in Throwing
  1886 | D:2      | Reached XP level 4. HP: 41/49 MP: 4/4
  1995 | D:2      | Found a faded altar of an unknown god.
  2030 | D:2      | Became a worshipper of Qazlal Stormbringer
  2030 | D:2      | Reached * piety under Qazlal
  2030 | D:2      | Reached ** piety under Qazlal
  2037 | D:2      | Noticed Terence
  2087 | D:2      | Killed Terence
  2088 | D:2      | Reached skill level 5 in Fighting
  2088 | D:2      | Reached skill level 1 in Armour
  2284 | D:2      | Reached XP level 5. HP: 43/57 MP: 5/5
  2451 | D:2      | Noticed Natasha
  2468 | D:2      | Killed Natasha
  2725 | D:2      | Noticed Natasha
  3367 | D:3      | Reached skill level 1 in Invocations
  3367 | D:3      | Reached XP level 6. HP: 60/66 MP: 1/6
  3844 | D:4      | Reached skill level 1 in Spellcasting
  3855 | D:4      | Reached *** piety under Qazlal
  3941 | D:4      | Killed from afar by an orc priest

Illustrated notes

Levels and vault maps discovered:
D:1:      nagdon_arrival_double_spiral, layout_rooms, minmay_pentomino_x2
D:2:      layout_loops_ring, chequers_ecumenical_altar_island, serial_glass,
          glass_columns_a, glass_columns_b, uniq_terence, uniq_natasha
D:3:      layout_basic
D:4:      layout_rooms

Skill      XL: |  1  2  3  4  5  6 |
---------------+-------------------+-----
Throwing       | 1 2 |  2.3
Dodging        | 3 |  3.5
Fighting       | 5 |  5.7
Armour         | 1 |  1.3
Invocations    | 1 2 |  2.1
Axes           | 4 |  4.1
Spellcasting   | 1 |  1.5
Stealth        | |  1.4
Evocations     | |  0.8

Action                   |  1- 3 |  4- 6 || total
-------------------------+-------+-------++-------
Melee: Hand axe          |   109 |   163 ||   272
Throw: Boomerang         |     4 |    11 ||    15
       Javelin           |     2 |    12 ||    14
Invok: Upheaval          |       |     4 ||     4
  Use: Potion            |       |     4 ||     4
       Scroll            |       |     1 ||     1
Armor: Robe              |    28 |    44 ||    72
       Skin              |       |    22 ||    22
Dodge: Dodged            |    66 |    79 ||   145
Block: Other             |       |    20 ||    20
